 Dungeon Crawl Stone Soup version 0.22-a0-799-g88f5e90 (webtiles) character file.

1673 Gildeon the Sneak (level 8, -2/43 HPs)
             Began as a Deep Elf Wizard on July 21, 2018.
             Was a Believer of Sif Muna.
             Slain by a hog (10 damage)
             ... on level 7 of the Dungeon.
             The game lasted 00:57:13 (8070 turns).

Gildeon the Sneak (Deep Elf Wizard)                 Turns: 8070, Time: 00:57:14

Health: -2/43      AC: 12    Str:  4    XL:     8   Next: 70%
Magic:  16/17      EV: 14    Int: 26    God:    Sif Muna [**....]
Gold:   448        SH:  0    Dex: 13    Spells: 1/17 levels left

rFire    . . .     SeeInvis .   q - staff of wizardry
rCold    + . .     Gourm    .   (no shield)
rNeg     . . .     Faith    .   c - +2 robe {rC+}
rPois    .         Spirit   .   k - +2 helmet
rElec    .         Reflect  .   (no cloak)
rCorr    .         Harm     .   s - +1 pair of gloves
MR       .....                  l - +2 pair of boots
Stlth    +++.......             b - amulet of regeneration
HPRegen  0.54/turn              a - ring of flight
MPRegen  0.15/turn              w - +4 ring of slaying

@: no status effects
A: no striking features
a: Divine Energy, Renounce Religion, Evoke Flight


You were on level 7 of the Dungeon.
You worshipped Sif Muna.
Sif Muna was pleased with you.
You were hungry.

You visited 2 branches of the dungeon, and saw 8 of its levels.

You collected 448 gold pieces.

Inventory:

Armour
 c - a +2 robe of cold resistance (worn)
 k - a +2 helmet (worn)
 l - a +2 pair of boots (worn)
 p - the +0 leather armour of the Sneaky Scars {rElec rPois}
   (You found it on level 4 of the Dungeon)

   It insulates you from electricity.
   It protects you from poison.
 r - the +2 scale mail of the Arcane {rC+ Str+3}
   (You found it on level 5 of the Dungeon)

   It affects your strength (+3).
   It protects you from cold.
 s - a +1 pair of gloves (worn)
Magical Staves
 q - an uncursed staff of wizardry (weapon)
Jewellery
 a - a ring of flight (left hand)
 b - an amulet of regeneration (around neck)
 w - a +4 ring of slaying (right hand)
Scrolls
 e - a scroll of identify
 g - 5 scrolls of remove curse
 i - a scroll of blinking
 o - 3 scrolls of amnesia
 t - a scroll of random uselessness {unknown}
Potions
 f - a potion of flight
 h - a potion of lignification
 j - a potion of curing
Comestibles
 d - 10 rations


   Skills:
 - Level 1.1 Fighting
 - Level 1.1 Staves
 - Level 1.1 Armour
 - Level 5.0 Dodging
 - Level 5.1 Stealth
 - Level 5.0 Spellcasting
 - Level 5.0 Conjurations
 - Level 5.0 Hexes
 + Level 4.5 Summonings
 + Level 3.4 Translocations
 + Level 4.8 Invocations


You had one spell level left.
You knew the following spells:

 Your Spells              Type           Power        Failure   Level  Hunger
a - Magic Dart            Conj           ####         1%          1    None
b - Corona                Hex            ####...      1%          1    None
c - Blink                 Tloc           N/A          1%          2    None
d - Call Imp              Summ           ####....     1%          2    None
e - Ensorcelled Hibernat  Hex/Ice        ###...       1%          2    None
f - Slow                  Hex            ####....     1%          2    None
g - Conjure Flame         Conj/Fire      ###.....     3%          3    #......
h - Mephitic Cloud        Conj/Pois/Air  ###.....     4%          3    #......

Your spell library contained the following spells:

 Spells                   Type           Power        Failure   Level  Hunger
 Confuse                  Hex            ####....     1%          3    #......
 Tukima's Dance           Hex            ####....     1%          3    #......
 Dazzling Spray           Conj/Hex       ####..       1%          3    #......


Dungeon Overview and Level Annotations

Branches:
Dungeon (7/15)             Temple (1/1) D:7

Altars:
Ashenzari
Cheibriados
Elyvilon
Fedhas
Hepliaklqana
Kikubaaqudgha
Makhleb
Nemelex Xobeh
Okawaru
Qazlal
Ru
Sif Muna
Trog
Uskayaw
Vehumet
Wu Jian
Zin
The Shining One

Annotations:
D:6 1 runed door, Sigmund


Message History

The hog bites you but does no damage.
You feel much better. The hog bites you.
* * * LOW HITPOINT WARNING * * *
The hog barely misses you.
Casting: Magic Dart (safe; 1% risk of failure)
Confirm with . or Enter, or press ? or * to list all spells.
You don't know that spell.
Unknown command.
Magic courses through your body. The hog barely misses you.
The hog closely misses you. The hog bites you.
* * * LOW HITPOINT WARNING * * *
Casting: Magic Dart (safe; 1% risk of failure)
Confirm with . or Enter, or press ? or * to list all spells.
Aiming: Mephitic Cloud (safe; 4% risk of failure)
Press: ? - help, Shift-Dir - straight line, p - hog
Okay, then.
Casting: Mephitic Cloud (safe; 4% risk of failure)
Confirm with . or Enter, or press ? or * to list all spells.
You blink.
The hog bites you!
You die...

,**,,#h.#...#...#...#
,****##'#.........#.# ,*
#.h.......h....## ,*
##....###..#....###### ,*
####........#.......# ,*
####.##.##.#..####.# ,*
#........#.......#.# ,*
#.#...#..###h.##.#.# **
#.#......@h.h.p..#.#
#.##......##.ยง.....##
#.##......##...#....##
#.##.....###...#.#...#
######....#....##...#.###.#
#...........>.........#...#
#................#..###.###
###
#.............#......##.#
#..
#...........##########..###
#.#


You could see 3 hogs and a human.

Vanquished Creatures
  Eustachio (D:4)
  A water moccasin (D:6)
  2 sky beasts (D:6)
  An ice beast (D:5)
  A black bear (D:7)
  An ogre (D:4)
  2 big kobolds (D:3)
  A scorpion (D:7)
  5 killer bees (D:7)
  A crimson imp (D:6)
  3 orc priests (D:3)
  A hound (D:4)
  A bullfrog skeleton (D:6)
  2 orc wizards (D:3)
  2 worker ants
  A worker ant zombie (D:5)
  Robin (D:2)
  A gnoll (D:3)
  9 adders
  An adder skeleton (D:5)
  3 worms
  A leopard gecko (D:6)
  12 orcs (D:3)
  5 bats
  4 giant cockroaches
  19 goblins
  14 hobgoblins
  2 quokkas
  A ball python (D:3)
  5 frilled lizards
  47 kobolds
  7 rats
158 creatures vanquished.

Vanquished Creatures (collateral kills)
  A wyvern skeleton (D:6)
  A hound zombie (D:6)
  A goblin (D:2)
  2 hobgoblins (D:2)
  2 jackals (D:2)
7 creatures vanquished.

Grand Total: 165 creatures vanquished

Notes
Turn   | Place    | Note
-------+----------+-------------------------------------------
     0 | D:1      | Gildeon the Deep Elf Wizard began the quest for the Orb.
     0 | D:1      | Reached XP level 1. HP: 10/10 MP: 7/7
   584 | D:1      | Reached XP level 2. HP: 15/15 MP: 6/9
   618 | D:1      | Learned a level 2 spell: Blink
   621 | D:1      | Learned a level 2 spell: Call Imp
   624 | D:1      | Learned a level 2 spell: Slow
  1115 | D:2      | Found a deep blue altar of Sif Muna.
  1121 | D:2      | Became a worshipper of Sif Muna the Loreminder
  1135 | D:2      | Noticed Robin
  1145 | D:2      | Killed Robin
  1145 | D:2      | Reached XP level 3. HP: 6/19 MP: 0/11
  1166 | D:2      | Reached skill level 5 in Spellcasting
  1483 | D:2      | Learned a level 3 spell: Conjure Flame
  1605 | D:2      | Reached XP level 4. HP: 24/24 MP: 0/13
  1610 | D:2      | Learned a level 3 spell: Mephitic Cloud
  1759 | D:2      | Found a white marble altar of Elyvilon.
  2422 | D:3      | Reached * piety under Sif Muna
  2978 | D:3      | Reached XP level 5. HP: 28/28 MP: 7/14
  3480 | D:3      | Reached skill level 5 in Stealth
  3492 | D:3      | Reached XP level 6. HP: 14/32 MP: 0/15
  3571 | D:3      | Reached skill level 1 in Hexes
  4011 | D:3      | Reached skill level 5 in Dodging
  4494 | D:3      | Learned a level 1 spell: Corona
  4647 | D:4      | Noticed Eustachio
  4681 | D:4      | Killed Eustachio
  4681 | D:4      | Reached ** piety under Sif Muna
  4681 | D:4      | Reached skill level 5 in Conjurations
  4681 | D:4      | Reached skill level 1 in Invocations
  4681 | D:4      | Reached XP level 7. HP: 34/36 MP: 6/16
  4686 | D:4      | Learned a level 2 spell: Ensorcelled Hibernation
  5104 | D:4      | Got a slimy leather armour
  5115 | D:4      | Identified the cursed +0 leather armour of the Sneaky Scars {rElec rPois} (You found it on level 4 of the Dungeon)
  5444 | D:5      | Entered Level 5 of the Dungeon
  6066 | D:5      | Got a twisted scale mail
  6077 | D:5      | Identified the +2 scale mail of the Arcane {rC+ Str+3} (You found it on level 5 of the Dungeon)
  6336 | D:6      | Reached skill level 5 in Hexes
  6444 | D:6      | Reached XP level 8. HP: 35/41 MP: 15/17
  7178 | D:6      | Reached skill level 1 in Staves
  7263 | D:6      | Found a runed door.
  7322 | D:6      | Noticed Sigmund
  7457 | D:7      | Reached skill level 1 in Fighting
  7457 | D:7      | Reached skill level 1 in Armour
  7527 | D:7      | Upgraded the game from 0.22-a0-782-g038298e to 0.22-a0-799-g88f5e90
  7557 | D:7      | Found a staircase to the Ecumenical Temple.
  7588 | Temple   | Entered the Ecumenical Temple
  8066 | D:7      | HP: 1/43 [hog (11)]
  8070 | D:7      | Slain by a hog

Vault maps used:
D:1:      sevenhm_arrival_forest_fort_small_6
D:2:      cheibrodos_greedy_goblins, led_sif_pool, lemuel_round_altar,
          uniq_robin
D:3:      minmay_goblin_kobold_castle
D:4:      minmay_distorted, uniq_eustachio
D:5:      first_ration
D:6:      lightli_church_of_beogh, uniq_sigmund
D:7:      black_bear_nest_2, minmay_temple_entry_metal_lava, grunt_livestock,
          hangedman_decor_riveting
Temple:   eino_temple_rhombus

Skill      XL: |  1  2  3  4  5  6  7  8 |
---------------+-------------------------+-----
Stealth        | 3 4 5 |  5.1
Conjurations   | 2 3 5 |  5.0
Spellcasting   | 5 |  5.0
Dodging        | 3 4 5 |  5.0
Hexes          | 3 5 |  5.0
Invocations    | 1 3 4 |  4.8
Summonings     | 3 4 |  4.5
Translocations | 3 |  3.4
Staves         | 1 |  1.1
Fighting       | 1 |  1.1
Armour         | 1 |  1.1

Action                   |  1- 3 |  4- 6 |  7- 9 || total
-------------------------+-------+-------+-------++-------
Melee: Club              |    16 |       |       ||    16
       Dagger            |    15 |    74 |    26 ||   115
       Staff             |       |       |    14 ||    14
 Cast: Magic Dart        |    69 |   222 |   132 ||   423
       Call Imp          |     2 |     5 |     4 ||    11
       Blink             |     2 |     2 |     3 ||     7
       Corona            |       |     2 |     6 ||     8
       Slow              |       |     1 |     9 ||    10
       Mephitic Cloud    |       |       |     3 ||     3
  Use: Scroll            |     3 |     5 |    12 ||    20
       Potion            |     1 |       |     2 ||     3
 Stab: Sleeping          |     1 |       |     2 ||     3
  Eat: Chunk             |     2 |     7 |     2 ||    11
       Ration            |       |     1 |     2 ||     3
Armor: Robe              |    15 |    53 |    50 ||   118
Dodge: Dodged            |    36 |    90 |    75 ||   201

Table legend:
 A = Spawn XP
 B = Non-spawn XP
 C = Spawn XP percentage of total XP
 D = Spawn monster count
 E = Non-spawn monster count
 F = Spawn count percentage of total count
 G = Total turns spent on level
                    A         B        C        D         E        F      G
               +---------+---------+-------+---------+---------+-------+---------
         Total |       0 |    2390 |   0.0 |       0 |     165 |   0.0 |  8070
               +---------+---------+-------+---------+---------+-------+---------
           D:1 |       0 |      22 |   0.0 |       0 |      15 |   0.0 |   965
           D:2 |       0 |      94 |   0.0 |       0 |      39 |   0.0 |  1339
           D:3 |       0 |     594 |   0.0 |       0 |      81 |   0.0 |  2319
           D:4 |       0 |     398 |   0.0 |       0 |       6 |   0.0 |   821
           D:5 |       0 |     172 |   0.0 |       0 |       5 |   0.0 |   841
           D:6 |       0 |     600 |   0.0 |       0 |      12 |   0.0 |  1121
           D:7 |       0 |     510 |   0.0 |       0 |       7 |   0.0 |   533
               +---------+---------+-------+---------+---------+-------+---------
